 Dungeon Crawl Stone Soup version 0.27-a0-860-gaf99fae3ca (webtiles) character file.

Game seed: 13235984580864236494

2754 voltaire321 the Insei (level 9, -2/61 HPs)
             Began as an Octopode Transmuter on Apr 1, 2021.
             Was a Believer of Makhleb.
             Slain by Joseph
             ... wielding a +3 spectral quarterstaff
              (24 damage)
             ... on level 8 of the Dungeon.
             The game lasted 00:30:45 (10212 turns).

voltaire321 the Insei (Octopode Transmuter)        Turns: 10212, Time: 00:30:45

Health: -2/61      AC:  2    Str:  9    XL:     9   Next: 68%
Magic:  16/16      EV: 25    Int: 16    God:    Makhleb [**....]
Gold:   516        SH:  0    Dex: 26    Spells: 12/18 levels left

rFire    . . .     SeeInvis .     - Unarmed
rCold    . . .     Faith    .   (shield currently unavailable)
rNeg     . . .     Spirit   .   (helmet currently unavailable)
rPois    x         Reflect  .   (no amulet)
rElec    .         Harm     .   v - +6 ring of dexterity
rCorr    .         Rampage  .   p - ring of wizardry
Will     .....                  (no ring)
Stlth    ++........             (no ring)
HPRegen  0.20/turn              (no ring)
MPRegen  0.15/turn              (no ring)
                                (no ring)
                                (no ring)

@: spider-form (expiring)
A: venomous fangs, almost no armour, (amphibious), 8 rings, tiny, (camouflage
1), (gelatinous body 1), (nimble swimmer 1), (tentacles)
a: End Transformation, Renounce Religion, Minor Destruction


You were on level 8 of the Dungeon.
You worshipped Makhleb.
Makhleb was pleased with you.
You were a venomous arachnid creature.
You visited 2 branches of the dungeon, and saw 9 of its levels.

You collected 516 gold pieces.

Inventory:

Missiles
 c - 4 javelins
 h - 15 boomerangs (quivered)
 l - 19 poisoned darts
Jewellery
 p - a ring of wizardry (right front leg)
 v - a +6 ring of dexterity (left front leg)
Wands
 o - a wand of iceblast (10)
 r - a wand of paralysis (18)
Scrolls
 a - 8 scrolls of identify
 b - a scroll of immolation
 d - a scroll of magic mapping {unknown}
 e - a scroll of enchant armour
 g - a scroll of fear {unknown}
 i - a scroll of holy word {unknown}
 j - a scroll of teleportation
 k - a scroll of vulnerability
 w - a scroll of silence {unknown}
 x - a scroll of noise {unknown}
 y - a scroll of torment {unknown}
 A - a scroll of fog {unknown}
Potions
 f - 2 potions of flight
 m - 3 potions of attraction
 n - a potion of berserk rage
 q - 2 potions of haste
 s - a potion of invisibility {unknown}
 t - 2 potions of curing
 u - a potion of heal wounds
 z - a potion of brilliance {unknown}


   Skills:
 + Level 5.2 Fighting
 + Level 5.5 Dodging
 + Level 5.8 Unarmed Combat
 + Level 5.0 Spellcasting
 + Level 5.4 Transmutations
 - Level 5.0 Poison Magic
 + Level 4.3 Invocations


You had 12 spell levels left.
You knew the following spells:

 Your Spells              Type           Power      Damage    Failure   Level
a - Beastly Appendage     Tmut           42%        N/A       2%          1
b - Wereblood             Tmut           21%        N/A       4%          2
c - Spider Form           Tmut/Pois      10%        N/A       6%          3

Your spell library contained the following spells:

 Spells                   Type           Power      Damage    Failure   Level
 Foxfire                  Conj/Fire      16%        2x1d4     14%         1
 Magic Dart               Conj           16%        1d3       14%         1
 Blink                    Tloc           N/A        N/A       19%         2
 Call Imp                 Summ           4%         N/A       19%         2
 Slow                     Hex            4%         N/A       19%         2
 Mephitic Cloud           Conj/Pois/Air  9%         N/A       19%         3
 Confusing Touch          Hex            4%         N/A       32%         3
 Conjure Flame            Conj/Fire      4%         6-21      32%         3
 Gell's Gravitas          Tloc           2%         N/A       32%         3
 Inner Flame              Hex/Fire       4%         N/A       32%         3
 Hydra Form               Tmut           10%        N/A       32%         5
 Ice Form                 Ice/Tmut       12%        N/A       34%         4
 Petrify                  Tmut/Erth      12%        N/A       34%         4
 Yara's Violent Unravell  Hex/Tmut       6%         3d5       63%         5
 Sticky Flame             Conj/Fire      4%         2d3       65%         4
 Fireball                 Conj/Fire      2%         3d4       91%         5
 Metabolic Englaciation   Hex/Ice        2%         N/A       91%         5


Dungeon Overview and Level Annotations

Branches:
Dungeon (8/15)             Temple (1/1) D:4
   Lair: D:8-11

Altars:
Ashenzari
Cheibriados
Dithmenos
Elyvilon
Fedhas
Gozag
Hepliaklqana
Kikubaaqudgha
Makhleb
Nemelex Xobeh
Okawaru
Qazlal
Ru
Sif Muna
Trog
Uskayaw
Vehumet
Wu Jian
Xom
Yredelemnul
Zin
The Shining One

Shops:
D:2 (

Annotations:
D:5 2 runed translucent doors, Drazool's ghost, novice MiGl
D:7 1 runed translucent door, indyram44's ghost, novice DsGl
D:8 Joseph


Innate Abilities, Weirdness & Mutations

You are a venomous arachnid creature.
You have poisonous fangs.
You are tiny and dextrous.
Your spellcasting is less reliable in this form.
Your armour is entirely melded.
You are incapable of wielding weapons or throwing items.
You cannot wear most types of armour.
((You are amphibious.))
You can wear up to eight rings at the same time.
((Your skin changes colour to match your surroundings (Stealth+).))
((Your rubbery body absorbs attacks. (AC +1, EV +1)))
((You are camouflaged near water. (Stealth+)))
((You have tentacles for arms and can constrict up to eight enemies at once.))


Message History

The bullfrog is severely wounded.
The bullfrog misses you.
You barely miss the bullfrog.
The bullfrog is severely wounded.
The bullfrog misses you. The bullfrog closely misses you.
You bite the bullfrog!
You kill the bullfrog!
Makhleb accepts your kill.
You bite Joseph!
Joseph is lightly wounded.
You hit Joseph but do no damage.
Joseph is poisoned.
Joseph is lightly wounded.
Joseph hits you with a +3 spectral quarterstaff!
You barely miss Joseph.
Joseph is lightly wounded.
Joseph misses you.
You hit Joseph.
Joseph looks even sicker.
Joseph is lightly wounded.
Joseph says, "You will never get the ORB, sorry."
Joseph hits you with a +3 spectral quarterstaff!
You barely miss Joseph.
Joseph is moderately wounded.
Joseph zaps a wand.
The puff of flame misses you.
You bite Joseph!
Joseph looks as sick as possible!
Joseph is moderately wounded.
Joseph zaps a wand.
The puff of flame misses you.
You hit Joseph.
Joseph looks as sick as possible!
Joseph is heavily wounded.
Your transformation is almost over.
You bite Joseph!
Joseph looks as sick as possible!
Joseph is heavily wounded.
Joseph zaps a wand.
The puff of flame misses you.
You hit Joseph.
Joseph looks as sick as possible!
Joseph is severely wounded.
Joseph says, "I've waited for this moment for such a long time."
Joseph hits you with a +3 spectral quarterstaff!
You hit Joseph.
Joseph looks as sick as possible!
Joseph is severely wounded.
Joseph hits you with a +3 spectral quarterstaff!!
You die...

......#.#.## ...
@........# ...
#......# #.# #@##.#
#.# #....# #.#
#..###### #.#
#.Z.....# ##.####
##.####.#####.....#
#Z@s..........##.#
#####.####...#...#
#....#.###.###
#.##.#.#<..#
####...##### #####


You could see Joseph (extremely poisoned) and a killer bee zombie.

Vanquished Creatures
  Grinder (D:5)
  Sigmund (D:5)
  2 black bears (D:4)
  2 orc warriors (D:7)
  2 ice beasts
  2 sky beasts (D:7)
  4 necrophages
  A centaur (D:7)
  A phantom (D:5)
  Blork the orc (D:5)
  2 bullfrogs
  2 scorpions
  A water moccasin skeleton (D:6)
  2 centaur zombies
  2 jellies
  3 orc priests
  A centaur skeleton (D:4)
  A gnoll shaman (D:7)
  2 iguanas
  Terence (D:2)
  Jessica (D:2)
  A bullfrog skeleton (D:5)
  6 orc wizards
  2 hound skeletons (D:5)
  6 gnolls
  6 adders
  4 ufetubi
  A worm (D:2)
  2 dart slugs (D:4)
  15 orcs
  7 endoplasms
  7 goblins
  6 hobgoblins
  9 jackals (D:3)
  8 kobolds
  3 quokkas
  6 ball pythons
  4 bats
  4 frilled lizards
  3 rats
135 creatures vanquished.

Vanquished Creatures (others)
  A gnoll (D:7)
1 creature vanquished.

Grand Total: 136 creatures vanquished

Notes
Turn   | Place    | Note
-------+----------+-------------------------------------------
     0 | D:1      | voltaire321 the Octopode Transmuter began the quest for the
                  | Orb.
     0 | D:1      | Reached XP level 1. HP: 13/13 MP: 3/3
   253 | D:1      | Found a faded altar of an unknown god.
   391 | D:1      | Reached XP level 2. HP: 13/18 MP: 3/5
   522 | D:1      | Learned a level 2 spell: Wereblood
   953 | D:1      | Reached XP level 3. HP: 19/23 MP: 4/6
  1145 | D:1      | Learned a level 3 spell: Spider Form
  1167 | D:2      | Noticed Terence
  1177 | D:2      | Killed Terence
  1178 | D:2      | Reached XP level 4. HP: 8/29 MP: 5/7
  1454 | D:2      | Noticed Jessica
  1943 | D:2      | Reached skill level 1 in Poison Magic
  2132 | D:2      | Found a bloodstained altar of Trog.
  2260 | D:2      | Found Korph's Weapon Boutique.
  2347 | D:2      | Killed Jessica
  2531 | D:3      | Reached XP level 5. HP: 23/34 MP: 8/8
  3613 | D:4      | Noticed a necrophage
  3627 | D:4      | Killed a necrophage
  3628 | D:4      | Reached XP level 6. HP: 19/41 MP: 8/10
  3796 | D:4      | Noticed a black bear
  3813 | D:4      | Killed a black bear
  4353 | D:4      | Found a staircase to the Ecumenical Temple.
  4392 | Temple   | Entered the Ecumenical Temple
  4518 | Temple   | Became a worshipper of Makhleb the Destroyer
  4548 | D:4      | Noticed a black bear
  4557 | D:4      | Killed a black bear
  4558 | D:4      | Reached XP level 7. HP: 43/46 MP: 9/11
  4810 | D:4      | Reached skill level 1 in Invocations
  5196 | D:5      | Entered Level 5 of the Dungeon
  5464 | D:5      | Noticed Grinder
  5486 | D:5      | Noticed Sigmund
  5501 | D:5      | HP: 1/46 [poisoned by a scorpion]
  5915 | D:5      | Reached XP level 8. HP: 6/54 MP: 13/13
  6414 | D:5      | Killed Sigmund
  6486 | D:5      | Noticed Blork the orc
  6514 | D:5      | Killed Blork the orc
  6662 | D:5      | Reached * piety under Makhleb
  6831 | D:5      | Paralysed by Grinder for 2 turns
  6841 | D:5      | Killed Grinder
  6842 | D:5      | Reached skill level 5 in Unarmed Combat
  7096 | D:5      | Found a runed translucent door.
  7101 | D:5      | Noticed Drazool's ghost (novice MiGl)
  7128 | D:5      | Found a runed translucent door.
  7150 | D:5      | Found a basalt altar of Yredelemnul.
  7494 | D:6      | Reached XP level 9. HP: 16/59 MP: 15/15
  8475 | D:7      | Reached skill level 5 in Dodging
  8548 | D:7      | Reached skill level 5 in Poison Magic
  8789 | D:7      | Reached skill level 5 in Transmutations
  9189 | D:7      | Reached ** piety under Makhleb
  9190 | D:7      | Reached skill level 5 in Fighting
  9317 | D:7      | Found a runed translucent door.
  9317 | D:7      | Found a shimmering altar of Xom.
  9317 | D:7      | Noticed indyram44's ghost (novice DsGl)
  9318 | D:7      | Noticed a +2 falchion of chaos
  9761 | D:7      | Reached skill level 5 in Spellcasting
 10190 | D:8      | Noticed Joseph
 10212 | D:8      | Slain by Joseph

Illustrated notes

Levels and vault maps discovered:
D:1:      onia_arrival_mini_spirals, layout_rooms,
          ebering_ecumenical_altar_abandoned, chequers_serial_rivers_micro_e,
          minmay_shallow_snake_nest
D:2:      layout_loops_ring, basic_altar, serial_shops, shop, solitary_fountain,
          uniq_terence, uniq_jessica
D:3:      layout_loops_ring, serial_glass, glass_columns_b, glass_columns_a,
          minmay_cut_off
D:4:      layout_rooms, minmay_temple_entry_offerings
D:5:      layout_cave_pools, lemuel_doored_altar, ebering_ghost_sewer_f,
          uniq_grinder, uniq_sigmund, uniq_blork_the_orc
D:6:      layout_gridville
D:7:      layout_rooms, ebering_ghost_xom
D:8:      minmay_general_purpose_star, layout_basic, uniq_joseph, uniq_harold,
          uniq_pikel
Temple:   compressed_dpeg_triangle_lava_temple

Skill      XL: |  1  2  3  4  5  6  7  8  9 |
---------------+----------------------------+-----
Fighting       | 2 3 4 5 |  5.2
Poison Magic   | 1 2 3 4 5 |  5.0
Dodging        | 3 4 5 |  5.5
Spellcasting   | 3 4 5 |  5.0
Transmutations | 3 4 5 |  5.4
Unarmed Combat | 4 5 |  5.8
Invocations    | 1 3 4 |  4.3

Action                   |  1- 3 |  4- 6 |  7- 9 || total
-------------------------+-------+-------+-------++-------
Melee: Unarmed           |    58 |   141 |   333 ||   532
       Constrict         |     9 |    27 |    14 ||    50
       Tentacles         |     8 |    16 |    20 ||    44
       Punch             |     2 |     4 |     2 ||     8
       Kick              |    15 |    29 |    30 ||    74
Throw: Javelin           |       |     1 |       ||     1
       Dart              |       |     4 |       ||     4
       Boomerang         |       |     9 |     4 ||    13
 Cast: Beastly Appendage |    12 |    32 |    17 ||    61
       Spider Form       |       |     1 |    25 ||    26
  Use: Potion            |       |     3 |     4 ||     7
       Scroll            |       |       |     5 ||     5
 Stab: Sleeping          |     1 |     5 |     2 ||     8
Armor: Skin              |     4 |     6 |    15 ||    25
Dodge: Dodged            |    29 |    81 |   288 ||   398

Table legend: (Time is in decaauts)
 A = Elapsed time spent in this place.
 B = Non-inter-level travel time spent in this place.
 C = Inter-level travel time spent in this place.
 D = Time resting spent in this place.
 E = Time spent auto-exploring this place.
 F = Levels seen in this place.
 G = Mean time per level.
                   A        B        C        D        E       F      G
               +--------+--------+--------+--------+--------+-----+--------+
         Total |  10157 |  10084 |     73 |   5255 |   2783 |   9 | 1128.6 |
       Dungeon |  10018 |   9945 |     73 |   5255 |   2729 |   8 | 1252.2 |
        Temple |    139 |    139 |      0 |      0 |     54 |   1 |  139.0 |
               +--------+--------+--------+--------+--------+-----+--------+

Top non-repeatable levels by time:
     D:4: 2016 daAuts
     D:6: 1701 daAuts
     D:5: 1363 daAuts
     D:2: 1316 daAuts
     D:7: 1311 daAuts
     D:1: 1163 daAuts
     D:3: 1084 daAuts
  Temple: 139 daAuts
     D:8: 60 daAuts
